Map: Crête de Lerilak

Players

zidar

  • Race: Zerg Zerg
  • League: Silver
  • Spawn Location: 5:00

grav - Winner!

  • Race: Protoss Protoss
  • League: Gold
  • Spawn Location: 7:00

VOD

Have the link to the VOD?

Description

Time

  • Played on: Feb. 2, 2016, 2:32 p.m.
  • Length: 7:52
Show
View Real Time Build Order
Export as new Build Order

zidar Zerg 

Build Orders: Pool First 

Get SALT Encoding   

  12  0:02  Drone  
  13  0:12  Overlord  
  13  0:17  Drone  
  14  0:30  Drone x2  
  16  0:37  Drone  
  17  0:47  Spawning Pool  
  16  0:50  Drone  
  16  0:56  Drone  
  18  1:17  Hatchery  
  17  1:21  Extractor  
  16  1:33  Drone  
  17  1:40  Drone  
  17  1:41  Overlord  
  18  1:58  Queen  
  20  2:02  Drone x2  
  22  2:11  Drone  
  23  2:32  Drone  
  23  2:33  Queen  
  23  2:37  Metabolic Boost  
  26  2:42  Hatchery  
  25  2:48  Drone x2  
  27  3:25  Roach Warren  
  26  3:29  Extractor  
  26  3:31  Drone x9  
  26  3:34  Queen  
  36  3:42  Overlord  
  36  3:57  Queen  
  38  4:04  Lair  
  38  4:13  Evolution Chamber  
  37  4:18  Evolution Chamber  
  37  4:23  Drone  
  40  4:24  Drone x9  
  40  4:28  Overlord  
  46  4:48  Extractor x2  
  46  4:49  Drone x6  
  50  4:58  Zerg Missile Weapons Level 1  
  50  4:59  Zerg Ground Armor Level 1  
  50  5:10  Hydralisk Den  
  49  5:29  Extractor x2  
  49  5:34  Roach  
  49  5:35  Roach x4  
  57  5:38  Overlord x2  
  57  5:39  Overlord x2  
  57  5:46  Pneumatized Carapace  
  57  5:56  Drone x7  
  57  5:57  Drone  
  65  6:05  Drone x6  
  65  6:08  Overlord  
  65  6:09  Overlord  
  71  6:15  Lurker Den  
  71  6:18  Glial Reconstitution  
  71  6:32  Hydralisk x4  
  73  6:36  Roach  
  73  6:37  Roach  
  75  7:12  Roach  
  75  7:13  Roach x10  
  75  7:14  Hydralisk  
Show
View Real Time Build Order
Export as new Build Order

grav Protoss - Winner!

Build Orders:  

Get SALT Encoding   

  12  0:09  Probe (Chrono Boost)  
  13  0:20  Probe (Chrono Boost)  
  14  0:30  Probe (Chrono Boost)  
  14  0:33  Pylon  
  15  0:51  Probe (Chrono Boost)  
  15  0:54  Gateway  
  16  1:01  Probe (Chrono Boost)  
  17  1:04  Assimilator  
  17  1:12  Probe (Chrono Boost)  
  18  1:21  Pylon  
  18  1:22  Probe (Chrono Boost)  
  19  1:33  Probe (Chrono Boost)  
  20  1:45  Cybernetics Core  
  20  1:48  Probe (Chrono Boost)  
  21  1:58  Probe (Chrono Boost)  
  21  2:00  Nexus  
  22  2:09  Probe (Chrono Boost)  
  22  2:11  Pylon  
  23  2:22  Stalker  
  26  2:27  Mothership Core (Chrono Boost)  
  27  2:31  Assimilator  
  27  2:45  Probe (Chrono Boost)  
  28  2:56  Probe (Chrono Boost)  
  29  3:00  Robotics Facility  
  29  3:06  Probe (Chrono Boost)  
  31  3:13  Probe (Chrono Boost)  
  31  3:15  Assimilator  
  31  3:17  Probe (Chrono Boost)  
  32  3:23  Probe (Chrono Boost)  
  32  3:24  Gateway x2  
  33  3:27  Probe (Chrono Boost)  
  33  3:34  Probe (Chrono Boost)  
  35  3:37  Warp Gate (Chrono Boost), Probe (Chrono Boost)  
  36  3:48  Forge  
  36  3:49  Observer (Chrono Boost)  
  37  3:56  Probe  
  37  3:57  Pylon, Probe  
  39  4:09  Immortal (Chrono Boost)  
  43  4:21  Probe x2  
  45  4:33  Probe x2  
  45  4:34  Protoss Ground Weapons Level 1 (Chrono Boost)  
  47  4:39  Warp Prism  
  49  4:56  Gateway  
  49  4:57  Gateway  
  49  5:01  Gateway  
  49  5:07  Gateway  
  49  5:10  Immortal, Probe x2  
  51  5:17  Pylon  
  55  5:22  Probe  
  56  5:44  Immortal, Pylon  
  56  5:45  Pylon  
  56  5:46  Stalker x2  
  56  5:47  Pylon  
  64  6:01  Stalker  
  66  6:12  Adept x5  
  76  6:25  Immortal  
  80  6:33  Adept x4  
  80  6:34  Adept  
  90  6:54  Adept x2  
  94  7:00  Pylon  
  94  7:02  Pylon  
  94  7:08  Adept  
  94  7:15  Adept x3  
  94  7:27  Pylon  
  94  7:29  Adept x4  
  102  7:30  Pylon  
  102  7:35  Stalker  
  102  7:36  Stalker x2  
  102  7:52  Adept  
Tags
 
Add a new tag
Caveats
  • Supply blocks, unpowered buildings, or Contaminate may cause inaccurate times.
  • Supply counts are checked every 10 seconds.